Map: Proxima Station LE

Players

비둘기비둘기비둘

  • Race: Terran Terran
  • League: Master
  • Spawn Location: 1:00

TheMagician - Winner!

  • Race: Protoss Protoss
  • League: Diamond
  • Spawn Location: 7:00

VOD

Have the link to the VOD?

Description

Time

  • Played on: March 18, 2017, 11:40 p.m.
  • Length: 12:21
Show
View Real Time Build Order
Export as new Build Order

비둘기비둘기비둘 Terran 

Build Orders: Cyclone Opening 

Get SALT Encoding   

  12  0:00  SCV  
  13  0:12  SCV  
  14  0:19  Supply Depot  
  14  0:25  SCV  
  15  0:40  SCV  
  15  0:42  Barracks  
  16  0:47  Refinery  
  16  0:52  SCV  
  16  0:55  Refinery  
  17  1:04  SCV  
  18  1:22  SCV  
  19  1:39  SCV  
  21  1:56  Orbital Command  
  21  2:00  Barracks Reactor  
  20  2:01  Supply Depot  
  20  2:04  Factory  
  20  2:23  SCV  
  21  2:35  SCV  
  22  2:56  Cyclone x2  
  28  3:01  Command Center  
  28  3:05  SCV  
  29  3:12  Supply Depot  
  30  3:27  SCV  
  30  3:37  Cyclone x2  
  30  3:40  SCV  
  37  3:52  SCV  
  38  4:03  Supply Depot  
  38  4:13  Cyclone x2  
  38  4:15  Starport  
  44  4:27  SCV  
  44  4:28  Orbital Command  
  45  4:43  SCV  
  45  4:45  Cyclone x2  
  52  4:55  Starport Reactor  
  52  4:56  SCV x2  
  54  5:01  Refinery  
  54  5:02  Refinery  
  54  5:17  Widow Mine x2  
  53  6:53  Orbital Command  
  39  7:17  Barracks  
  32  7:29  SCV  
  31  7:49  SCV  
  25  7:52  Refinery  
  23  8:01  SCV  
  18  8:13  SCV  
  17  8:26  SCV  
  18  8:30  Marine  
  19  8:35  Factory  
  19  8:38  SCV  
  19  8:41  Supply Depot  
  19  8:43  Supply Depot  
  18  9:02  Marine  
  18  9:03  SCV  
  20  9:20  Marine  
  20  9:21  Widow Mine  
  21  9:49  Command Center  
  20  10:23  Supply Depot x2  
  15  11:35  Barracks  
  14  11:49  Command Center  
Show
View Real Time Build Order
Export as new Build Order

TheMagician Protoss - Winner!

Build Orders:  

Get SALT Encoding   

  12  0:01  Probe (Chrono Boost)  
  13  0:12  Probe (Chrono Boost)  
  14  0:22  Probe (Chrono Boost)  
  14  0:23  Pylon  
  15  0:42  Probe (Chrono Boost)  
  16  0:47  Gateway  
  16  0:52  Probe (Chrono Boost)  
  17  1:01  Assimilator  
  17  1:03  Probe (Chrono Boost)  
  18  1:05  Assimilator  
  18  1:13  Probe (Chrono Boost)  
  19  1:19  Pylon  
  19  1:24  Probe (Chrono Boost)  
  20  1:35  Probe (Chrono Boost)  
  20  1:38  Cybernetics Core  
  20  1:45  Probe (Chrono Boost)  
  21  1:56  Probe (Chrono Boost)  
  22  2:06  Probe (Chrono Boost)  
  23  2:09  Pylon  
  23  2:30  Forge  
  23  2:33  Stargate  
  23  2:35  Stargate  
  23  2:49  Pylon  
  23  3:20  Void Ray  
  23  3:21  Void Ray, Photon Cannon  
  31  3:28  Photon Cannon  
  31  3:40  Pylon  
  31  3:51  Pylon  
  31  4:03  Void Ray  
  31  4:07  Photon Cannon  
  35  4:15  Void Ray  
  39  4:32  Pylon  
  39  4:46  Void Ray  
  43  5:02  Photon Cannon  
  43  5:07  Void Ray  
  47  5:35  Mothership Core (Chrono Boost)  
  49  5:44  Photon Cannon  
  49  5:47  Photon Cannon  
Tags
 
Add a new tag
Caveats
  • Supply blocks, unpowered buildings, or Contaminate may cause inaccurate times.
  • Supply counts are checked every 10 seconds.